 Dungeon Sprint DCSS version 0.29-a0-789-g7a8fcbc185 (webtiles) character file.

Game seed: 6679507057438602560

5683 mhtbhm the Severer (level 10, -16/104 HPs)
             Began as a Minotaur Fighter on July 2, 2022.
             Was an Initiate of Gozag.
             Killed from afar by a nagaraja (19 damage)
             ... with a bolt of poison
             ... in the Dungeon (Sprint VII: "The Pits").
             The game lasted 00:04:56 (1765 turns).

mhtbhm the Severer (Minotaur Fighter)               Turns: 1765, Time: 00:04:57

Health: -16/104    AC: 22    Str: 26    XL:     10   Next: 47%
Magic:  9/9        EV: 11    Int:  5    God:    Gozag
Gold:   1857       SH:  6    Dex: 12    Spells: 9/9 levels left

rFire   . . .      SeeInvis .   a - +2 war axe (freeze)
rCold   . . .      Faith    .   c - +0 buckler
rNeg    . . .      Spirit   .   b - +3 chain mail
rPois   .          Reflect  .   (helmet restricted)
rElec   .          Harm     .   r - +0 cloak
rCorr   .          Rampage  .   (no gloves)
Will    .....      NoTele   +   s - +0 pair of boots
Stlth   ..........              (no amulet)
HPRegen 0.27/turn               o - +3 ring of protection
MPRegen 0.11/turn               p - +3 ring of dexterity

@: lethally poisoned (-16 -> -38), untranslocatable, on berserk cooldown,
slowed, very slow
A: horns 2, retaliatory headbutt
a: Renounce Religion, Potion Petition, Call Merchant, Bribe Branch


You were in the Dungeon.
You worshipped Gozag.
Gozag was most pleased with you.
You visited 1 branch You collected 2745 gold pieces.
You paid 888 gold pieces to Gozag.

Inventory:

Hand Weapons
 a - a +2 war axe of freezing (weapon)
Armour
 b - a +3 chain mail (worn)
 c - a +0 buckler (worn)
 r - a +0 cloak (worn)
 s - a +0 pair of boots (worn)
Jewellery
 o - a +3 ring of protection (left hand)
 p - a +3 ring of dexterity (right hand)
Scrolls
 j - a scroll of blinking
 l - 5 scrolls of amnesia
 m - a scroll of summoning
Potions
 d - a potion of might
 e - 5 potions of curing
 f - a potion of mutation {unknown}
 g - a potion of haste
 h - 4 potions of magic
 i - a potion of berserk rage
 k - 2 potions of invisibility
 n - 9 potions of heal wounds
 q - 4 potions of brilliance


   Skills:
 + Level 14.7 Fighting
 + Level 16.9 Axes
 + Level 15.3 Armour
 + Level 6.4 Dodging
 + Level 4.6 Stealth
 + Level 10.8 Shields


You had 9 spell levels left.
You didn't know any spells.
Your spell library was empty.

Dungeon Overview and Level Annotations

Branches:
Dungeon (1/1)

Altars:
Ashenzari
Cheibriados
Dithmenos
Elyvilon
Fedhas
Gozag
Hepliaklqana
Kikubaaqudgha
Makhleb
Nemelex Xobeh
Okawaru
Qazlal
Ru
Sif Muna
Trog
Uskayaw
Vehumet
Wu Jian
Xom
Yredelemnul
Zin
The Shining One
Jiyva
Lugonu


Innate Abilities, Weirdness & Mutations

You have a pair of horns on your head.
You reflexively headbutt those who attack you in melee.


Message History

The nagaraja is moderately wounded.
You slash the dream sheep! You freeze the dream sheep.
The dream sheep is no longer distracted by gold.
You hit the orc warrior. You freeze the orc warrior.
The nagaraja casts a spell at you. The bolt of poison hits you!!
You are poisoned.
* * * LOW HITPOINT WARNING * * *
The nagaraja constricts you. The orc warrior closely misses you.
You furiously retaliate!
You headbutt the orc warrior!
The dream sheep bites you but does no damage.
You closely miss the nagaraja. You headbutt the nagaraja!
The nagaraja is moderately wounded.
You closely miss the dream sheep. You hit the orc warrior.
You freeze the orc warrior.
You feel very sick. You block the nagaraja's attack.
The nagaraja constricts you.
* * * LOW HITPOINT WARNING * * *
You escape the nagaraja's grasp.
* * * LOW HITPOINT WARNING * * *
You feel very sick.
The dream sheep is no longer distracted by gold.
You feel a strong urge to attack something.
You are no longer berserk.
You are exhausted.
You feel as though you will be slow longer.
* * * LOW HITPOINT WARNING * * *
You feel very sick.
The orc warrior no longer looks unusually strong.
The orc is no longer distracted by gold.
You cannot blink because you are locked down by a dimension anchor.
* * * LOW HITPOINT WARNING * * *
You feel very sick.
The ball python skeleton is no longer distracted by gold.
The dream sheep ruffle their wool and motes of dream dust sparkle, to no effect.
The nagaraja casts a spell at you. The bolt of poison hits you!!
You are more poisoned.
You die...
Your body crumbles into a pile of gold.

..............##..............
#'#####''#####################
.....##''# .....##..#
.....##..# .<...##..#### #+#
#### .....##..#..#####.##...#
.....##..#....##...#Z..#
.....##..'.....#@..#o..#...
#######..'.....'..$NYlZ'...
#######..'.....#.$$#YY.#...
#..[.##..#....##.$.#o..#
#..[.##..#..#####.##...# o
'..))##..####...#$######.
#..))##..##.....)).......
#..))##..#......).......#
#########################


You could see a nagaraja (fast), a basilisk, 3 dream sheep and a ball python
skeleton.

Vanquished Creatures
  A death cob (D)
  An orc knight (D)
  A deep elf zephyrmancer (D)
  An orange demon (D)
  2 kobold demonologists (D)
  A hellwing (D)
  A troll (D)
  3 dream sheep (D)
  A wraith (D)
  A steam dragon (D)
  A small abomination (D)
  4 vampire mosquitoes (D)
  A redback (D)
  2 wargs (D)
  An acid dragon (D)
  A sky beast (D)
  An orc warrior (D)
  A wolf (D)
  A phantom (D)
  A kobold brigand (D)
  A bullfrog (D)
  A quasit (D)
  A bouda (D)
  Terence (D)
  An orc wizard (D)
  A hell rat (D)
  2 gnolls (D)
  An ufetubus (D)
  5 orcs (D)
  An endoplasm (D)
  A goblin (D)
  4 jackals (D)
  5 kobolds (D)
  A quokka (D)
  2 ball pythons (D)
  A ball python skeleton (D)
  A ball python zombie (D)
  2 bats (D)
59 creatures vanquished.

Notes
Turn   | Place    | Note
-------+----------+-------------------------------------------
     0 | D        | mhtbhm the Minotaur Fighter began the quest for the Orb.
     0 | D        | Reached XP level 1. HP: 19/19 MP: 0/0
    20 | D        | Found a bloodstained altar of Trog.
    20 | D        | Found a shimmering blue altar of Sif Muna.
    20 | D        | Found a viscous altar of Jiyva.
    20 | D        | Found a hazy altar of Hepliaklqana.
    20 | D        | Found an opulent altar of Gozag.
    21 | D        | Found a glowing golden altar of the Shining One.
    21 | D        | Found a glowing silver altar of Zin.
    21 | D        | Found a basalt altar of Yredelemnul.
    21 | D        | Found a shimmering altar of Xom.
    21 | D        | Found an ornate altar of the Wu Jian Council.
    21 | D        | Found a sacrificial altar of Ru.
    21 | D        | Found a stormy altar of Qazlal.
    21 | D        | Found an iron altar of Okawaru.
    21 | D        | Found a sparkling altar of Nemelex Xobeh.
    21 | D        | Found a burning altar of Makhleb.
    21 | D        | Found a blossoming altar of Fedhas.
    21 | D        | Found a white marble altar of Elyvilon.
    21 | D        | Found a shadowy altar of Dithmenos.
    21 | D        | Found a snail-covered altar of Cheibriados.
    23 | D        | Found a radiant altar of Vehumet.
    23 | D        | Found a corrupted altar of Lugonu.
    24 | D        | Found a hide-covered altar of Uskayaw.
    24 | D        | Found an ancient bone altar of Kikubaaqudgha.
    24 | D        | Found a broken altar of Ashenzari.
    30 | D        | Became a worshipper of Gozag Ym Sagoz the Greedy
   188 | D        | Reached XP level 2. HP: 28/28 MP: 1/1
   206 | D        | Noticed Terence
   219 | D        | Reached skill level 3 in Axes
   219 | D        | Reached skill level 5 in Armour
   226 | D        | Killed Terence
   227 | D        | Reached skill level 5 in Fighting
   227 | D        | Reached skill level 4 in Axes
   227 | D        | Reached skill level 5 in Shields
   227 | D        | Reached XP level 3. HP: 30/36 MP: 2/2
   334 | D        | Noticed a bullfrog
   334 | D        | Noticed an orc warrior
   335 | D        | Noticed a sky beast
   344 | D        | Killed a bullfrog
   345 | D        | Reached skill level 5 in Axes
   345 | D        | Reached skill level 1 in Dodging
   345 | D        | Reached XP level 4. HP: 10/45 MP: 3/3
   355 | D        | Killed an orc warrior
   356 | D        | Reached skill level 7 in Axes
   356 | D        | Reached XP level 5. HP: 17/52 MP: 4/4
   356 | D        | Killed a sky beast
   357 | D        | Reached skill level 8 in Axes
   357 | D        | Reached XP level 6. HP: 17/61 MP: 5/5
   614 | D        | Reached skill level 9 in Axes
   794 | D        | Noticed an orange demon
   808 | D        | Killed an orange demon
   809 | D        | Reached skill level 10 in Axes
   809 | D        | Reached XP level 7. HP: 30/71 MP: 6/6
  1018 | D        | Reached skill level 10 in Fighting
  1018 | D        | Reached skill level 11 in Axes
  1127 | D        | Noticed a redback
  1127 | D        | Noticed a deep elf zephyrmancer
  1138 | D        | Killed a redback
  1163 | D        | Killed a deep elf zephyrmancer
  1164 | D        | Reached skill level 12 in Axes
  1164 | D        | Reached skill level 1 in Stealth
  1164 | D        | Reached XP level 8. HP: 15/82 MP: 7/7
  1469 | D        | Reached skill level 5 in Dodging
  1535 | D        | Reached skill level 13 in Axes
  1672 | D        | Noticed a kobold demonologist
  1673 | D        | Noticed a smoke demon
  1683 | D        | Killed a kobold demonologist
  1684 | D        | Reached XP level 9. HP: 90/90 MP: 8/8
  1690 | D        | Noticed a kobold demonologist
  1691 | D        | Noticed a troll
  1695 | D        | Reached skill level 14 in Axes
  1697 | D        | Noticed a death cob
  1701 | D        | Killed a kobold demonologist
  1717 | D        | Killed a death cob
  1718 | D        | Reached skill level 15 in Axes
  1718 | D        | Reached skill level 10 in Shields
  1718 | D        | Reached XP level 10. HP: 41/101 MP: 9/9
  1721 | D        | Reached skill level 15 in Armour
  1727 | D        | Reached skill level 16 in Axes
  1742 | D        | Noticed an orc knight
  1744 | D        | Noticed a nagaraja
  1755 | D        | Killed an orc knight
  1765 | D        | HP: 3/104 [poisoned by a nagaraja (bolt of poison)]
  1765 | D        | Killed from afar by a nagaraja

Illustrated notes

Levels and vault maps discovered:
D:        pitsprint [storerooms_1, entrance_room_1, metal_vault_1, armoury_2,
          mini_pit_1, grid_room_1, main_hall_1, silver_pit, the_coven_1,
          the_vestibule_1, steel_vault_3, golden_pit, hallway_of_sentries,
          crystal_vault_2, iron_vault_4, final_vault]

Skill      XL: |  1  2  3  4  5  6  7  8  9 10 |
---------------+-------------------------------+-----
Fighting       | 4 5 6 7 8 9 11 13 14 | 14.7
Armour         | 4 5 6 8 9 11 12 13 14 15 | 15.3
Shields        | 4 5 6 7 8 9 10 | 10.8
Axes           | 4 5 7 8 10 12 13 15 16 | 16.9
Dodging        | 1 2 4 5 6 |  6.4
Stealth        | 1 3 4 |  4.6

Action                   |  1- 3 |  4- 6 |  7- 9 | 10-12 || total
-------------------------+-------+-------+-------+-------++-------
Melee: Hand axe          |    31 |    39 |    39 |       ||   109
       Headbutt          |     6 |     7 |    17 |     5 ||    35
       War axe           |     1 |       |    55 |    27 ||    83
Invok: Potion Petition   |       |       |     2 |     1 ||     3
  Use: Potion            |     1 |     4 |     2 |     1 ||     8
 Stab: Invisible         |       |       |     1 |     3 ||     4
       Distracted        |       |       |     1 |     1 ||     2
Armor: Scale mail        |    16 |       |       |       ||    16
       Chain mail        |    13 |    18 |    44 |    10 ||    85
Dodge: Dodged            |    45 |    17 |    28 |    17 ||   107
Block: Buckler           |    12 |     8 |    21 |     6 ||    47

Table legend: (Time is in decaauts)
 A = Elapsed time spent in this place.
 B = Non-inter-level travel time spent in this place.
 C = Inter-level travel time spent in this place.
 D = Time resting spent in this place.
 E = Time spent auto-exploring this place.
 F = Levels seen in this place.
 G = Mean time per level.
                   A        B        C        D        E       F      G
               +--------+--------+--------+--------+--------+-----+--------+
         Total |   1769 |   1769 |      0 |   1133 |     29 |   1 | 1769.0 |
       Dungeon |   1769 |   1769 |      0 |   1133 |     29 |   1 | 1769.0 |
               +--------+--------+--------+--------+--------+-----+--------+

Top non-repeatable levels by time:
       D: 1769 daAuts
